 Dungeon Crawl Stone Soup version 0.31-a0-473-g61b50ae490 (webtiles) character file.

Game seed: 4211244756602412070

423 horus123 the Digger (level 6, -8/32 HPs)
             Began as a Deep Elf Earth Elementalist on Aug 6, 2023.
             Was an Initiate of Kikubaaqudgha.
             Mangled by Edmund
             ... wielding a +3 flail of pain
              (11 damage)
             ... on level 5 of the Dungeon.
             The game lasted 00:04:39 (3164 turns).

horus123 the Digger (Deep Elf Earth Elementalist)   Turns: 3164, Time: 00:04:39

Health: -8/32      AC:  3    Str:  5    XL:     6   Next: 63%
Magic:  6/15       EV: 12    Int: 22    God:    Kikubaaqudgha [......]
Gold:   201        SH:  0    Dex: 15    Spells: 11/15 levels left

rFire   . . .        f - +1 rapier (elec)
rCold   . . .        (no shield)
rNeg    . . .        a - +0 robe
rPois   .            j - +0 helmet
rElec   .            (no cloak)
rCorr   .            (no gloves)
SInv    .            (no boots)
Will    .....        (no amulet)
Stlth   ++           (no ring)
HPRegen 0.25/turn    (no ring)
MPRegen 0.14/turn

%: no passive effects
@: no status effects
A: no striking features
a: Renounce Religion


You were on level 5 of the Dungeon.
You worshipped Kikubaaqudgha.
Kikubaaqudgha was noncommittal.
You visited 1 branch of the dungeon, and saw 5 of its levels.

You collected 201 gold pieces.

Inventory:

Hand Weapons
 f - a +1 rapier of electrocution (weapon)
Armour
 a - a +0 robe (worn)
 j - a +0 helmet (worn)
Scrolls
 h - a scroll of identify {unknown}
 i - a scroll of revelation {unknown}
 k - a scroll of noise {unknown}
 l - 3 scrolls of vulnerability {unknown}
 n - a scroll of fog {unknown}
 o - 2 scrolls of enchant armour {unknown}
 r - 2 scrolls of poison {unknown}
 s - 2 scrolls of brand weapon {unknown}
 t - a scroll of teleportation {unknown}
 v - a scroll of fear {unknown}
 y - a scroll of amnesia {unknown}
Potions
 b - a potion of magic
 c - 4 potions of degeneration {unknown}
 d - 3 potions of heal wounds {unknown}
 e - 2 potions of curing {unknown}
 g - a potion of berserk rage {unknown}
 m - a potion of might {unknown}
 p - a potion of mutation {unknown}
 q - a potion of cancellation {unknown}
 u - a potion of resistance {unknown}
 w - a potion of ambrosia {unknown}
 x - a potion of enlightenment {unknown}


   Skills:
 - Level 2.4 Dodging
 - Level 2.4 Stealth
 - Level 5.0 Spellcasting
 - Level 1.1 Transmutations
 + Level 7.5 Earth Magic


You had 11 spell levels left.
You knew the following spells:

 Your Spells              Type           Power      Damage    Failure   Level
a - Sandblast             Erth           76%        2d16      1%          1
b - Stone Arrow           Conj/Erth      44%        3d9       6%          3

Your spell library contained the following spells:

 Spells                   Type           Power      Damage    Failure   Level
 Passwall                 Tmut/Erth      20%        N/A       2%          2
 Blink                    Tloc           10%        N/A       16%         2
 Poisonous Vapours        Pois/Air       10%        N/A       16%         2
 Petrify                  Tmut/Erth      24%        N/A       17%         4
 Mephitic Cloud           Conj/Pois/Air  5%         N/A       30%         3
 Borgnjor's Vile Clutch   Necr/Erth      11%        N/A       52%         5
 Manifold Assault         Tloc           5%         N/A       69%         4
 Alistair's Intoxication  Tmut/Pois      4%         N/A       92%         5
 Freezing Cloud           Conj/Ice/Air   2%         6-21      95%         5
 Eringya's Noxious Bog    Tmut/Pois      3%         4d6       100%        6


Dungeon Overview and Level Annotations

Branches:
Dungeon (5/15)
 Temple: D:4-7

Altars:
Dithmenos
Kikubaaqudgha
Wu Jian
Xom

Annotations:
D:5 Edmund


Message History

There is a stone staircase leading up here.
Edmund the Younger comes into view.
He is wielding a +3 flail of pain.
The blast of sand hits Edmund but does no damage.
Edmund shouts!
A white imp comes into view.
The blast of sand hits the white imp.
The white imp is lightly wounded.
The white imp shouts, "Beg for mercy, thou errant spur-galled giglet!"
The white imp hits you but does no damage.
The blast of sand hits the white imp!
You kill the white imp!
Kikubaaqudgha accepts your kill. Edmund barely misses you.
Edmund hits you with a +3 flail of pain!
The blast of sand hits Edmund.
Edmund is lightly wounded.
Edmund hits you with a +3 flail of pain!
* * * LOW HITPOINT WARNING * * *
Casting: Sandblast (safe; 1% risk of failure)
Confirm with . or Enter, or press ? or * to list all spells.
Aiming: Stone Arrow (dangerous; 6% risk of failure)
Press: ? - help, Shift-Dir - straight line, f/p - Edmund
Aim: Edmund, wielding a +3 flail of pain and wearing a +0 chain mail (lightly wounded, 79% to hit)
The stone arrow hits Edmund!
Edmund is moderately wounded.
Edmund hits you with a +3 flail of pain.
* * * LOW HITPOINT WARNING * * *
You writhe in agony.
* * * LOW HITPOINT WARNING * * *
Casting: Stone Arrow (dangerous; 6% risk of failure)
Confirm with . or Enter, or press ? or * to list all spells.
Aiming: Stone Arrow (dangerous; 6% risk of failure)
Press: ? - help, Shift-Dir - straight line, f/p - Edmund
Aim: Edmund, wielding a +3 flail of pain and wearing a +0 chain mail (moderately wounded, 79% to hit)
The stone arrow hits Edmund.
Edmund is heavily wounded.
Edmund gestures with his flail.
Edmund hits you with a +3 flail of pain!
You die...
Kikubaaqudgha rasps: "You have failed me!
Welcome... death!"

#.#.. ......#
#.#......#.#.... #...
#.....## #........#
#.... ..[.#.###...
....######.#....
....#....... ###..#
#...... #.. .....#...
...... ##....
#.#####.#....# .......
.......
#.##.......#.####..####.
###....
#.##.........<..........
..<....
#.##..........##@..####
..#....
#.##..........##@#+# .
###.# #.#####.#.........
#.# #.#####............
#.. ....................
.. #.######.............
#.# #.............. #.#
#.###.#......... #.# #.#
.#.#.#


You could see Edmund.

Vanquished Creatures
  2 phantoms
  An orc priest (D:3)
  2 sleepcaps (D:5)
  A gnoll bouda (D:4)
  3 gnolls (D:4)
  6 adders
  2 white imps (D:5)
  3 orcs (D:3)
  8 endoplasms
  4 giant cockroaches
  3 goblins
  3 hobgoblins
  4 jackals (D:2)
  7 quokkas
  2 ball pythons
  6 bats
  2 frilled lizards
  7 kobolds
  9 rats
75 creatures vanquished.

Notes
Turn   | Place    | Note
-------+----------+-------------------------------------------
     0 | D:1      | horus123 the Deep Elf Earth Elementalist began the quest
                  | for the Orb.
     0 | D:1      | Reached XP level 1. HP: 10/10 MP: 6/6
   173 | D:1      | Reached XP level 2. HP: 15/15 MP: 6/9
   563 | D:2      | Reached XP level 3. HP: 19/19 MP: 8/11
   567 | D:2      | Learned a level 3 spell: Stone Arrow
   621 | D:2      | Reached skill level 5 in Spellcasting
  1190 | D:3      | Found a shadowy altar of Dithmenos.
  1193 | D:3      | Reached skill level 4 in Earth Magic
  1431 | D:3      | Found a shimmering altar of Xom.
  1482 | D:3      | Reached XP level 4. HP: 24/24 MP: 10/13
  1918 | D:3      | Found an ornate altar of the Wu Jian Council.
  2165 | D:4      | Reached skill level 5 in Earth Magic
  2173 | D:4      | Noticed a phantom
  2178 | D:4      | Killed a phantom
  2179 | D:4      | Reached XP level 5. HP: 26/28 MP: 9/14
  2337 | D:4      | Reached skill level 6 in Earth Magic
  2699 | D:5      | Entered Level 5 of the Dungeon
  2712 | D:5      | Noticed a phantom
  2714 | D:5      | Killed a phantom
  2715 | D:5      | Reached skill level 7 in Earth Magic
  2715 | D:5      | Reached XP level 6. HP: 32/32 MP: 12/15
  2817 | D:5      | Found an ancient bone altar of Kikubaaqudgha.
  2832 | D:5      | Became a worshipper of Kikubaaqudgha
  3157 | D:5      | Noticed Edmund
  3164 | D:5      | Mangled by Edmund

Illustrated notes

Levels and vault maps discovered:
D:1:      psy_arrival_dodecagon, layout_rooms
D:2:      layout_basic
D:3:      layout_loops_ring, mainiacjoe_overflow_six_doors_small,
          pdpol_wu_jian_five_deadly_venoms, old_standard_altar,
          minmay_statues_item
D:4:      layout_basic
D:5:      layout_basic, lemuel_round_altar, guppyfry_early_lair_pool,
          uniq_edmund

Skill      XL: |  1  2  3  4  5 |
---------------+----------------+-----
Spellcasting   | 4 5 |  5.0
Earth Magic    | 4 5 7 |  7.5
Dodging        | |  2.4
Stealth        | |  2.4
Transmutations | |  1.1

Action                     |  1- 3 |  4- 6 || total
---------------------------+-------+-------++-------
  Melee: Whip              |     2 |       ||     2
   Cast: Sandblast         |    56 |    65 ||   121
         Stone Arrow       |       |     2 ||     2
   Stab: Sleeping          |     1 |       ||     1
 Armour: Robe              |     4 |     6 ||    10
  Dodge: Dodged            |     7 |    25 ||    32

Table legend: (Time is in decaauts)
 A = Elapsed time spent in this place.
 B = Non-inter-level travel time spent in this place.
 C = Inter-level travel time spent in this place.
 D = Time resting spent in this place.
 E = Time spent auto-exploring this place.
 F = Levels seen in this place.
 G = Mean time per level.
                   A        B        C        D        E       F      G
               +--------+--------+--------+--------+--------+-----+--------+
         Total |   3224 |   3106 |    118 |      0 |   2670 |   5 |  644.8 |
       Dungeon |   3224 |   3106 |    118 |      0 |   2670 |   5 |  644.8 |
               +--------+--------+--------+--------+--------+-----+--------+

Top non-repeatable levels by time:
     D:3: 890 daAuts
     D:4: 707 daAuts
     D:2: 578 daAuts
     D:1: 571 daAuts
     D:5: 476 daAuts
